 Dungeon Crawl Stone Soup version 0.19.1 (webtiles) character file.

182 ImaNewbie the Slasher (level 5, -2/42 HPs)
             Began as a Minotaur Gladiator on Dec 14, 2016.
             Slain by Sigmund
             ... wielding a +4 scythe of pain
              (15 damage)
             ... on level 3 of the Dungeon.
             The game lasted 00:03:36 (1780 turns).

ImaNewbie the Slasher (Minotaur Gladiator)          Turns: 1780, Time: 00:03:37

Health: -2/42      AC:  8    Str: 21    XL:     5   Next: 34%
Magic:  4/4        EV: 12    Int:  5    God:
Gold:   158        SH:  0    Dex: 10    Spells: 0 memorised, 4 levels left

rFire  . . .     SeeInvis .     a - +0 long sword
rCold  + . .     Gourm    .     o - +3 ring mail {MR+}
rNeg   . . .     Faith    .     (no shield)
rPois  .         Spirit   .     c - +0 hat
rElec  .         Reflect  .     (no cloak)
rCorr  .         Harm     .     (no gloves)
MR     +....                    (no boots)
Stlth  ..........               (no amulet)
                                (no ring)
                                h - ring of protection from cold

@: confused, very slightly contaminated, hasted, very quick
A: retaliatory headbutt, horns 2
a: no special abilities


You were on level 3 of the Dungeon.
You were not hungry.

You visited 1 branch of the dungeon, and saw 3 of its levels.

You collected 158 gold pieces.

Inventory:

Hand Weapons
 a - a +0 long sword (weapon)
Missiles
 d - 3 throwing nets (quivered)
Armour
 c - a +0 hat (worn)
 o - a +3 ring mail of magic resistance (worn)
Jewellery
 h - a ring of protection from cold (left hand)
 u - an uncursed ring of protection from cold
Wands
 w - a wand of random effects (28/48)
 x - a wand of polymorph (7/24)
Scrolls
 e - 2 scrolls of remove curse {unknown}
 g - a scroll of random uselessness {unknown}
 j - 4 scrolls of identify {unknown}
 m - a scroll of teleportation {unknown}
 q - a scroll of immolation {unknown}
 r - a scroll of fear {unknown}
 v - a scroll of amnesia {unknown}
Potions
 b - a potion of ambrosia
 k - a potion of agility {unknown}
 l - a potion of heal wounds {unknown}
 n - 2 potions of haste
 p - a potion of flight {unknown}
 s - a potion of curing {unknown}
 z - a potion of resistance {unknown}
 A - a potion of degeneration {unknown}
Comestibles
 f - 2 bread rations
 i - 4 chunks of flesh
 t - a meat ration
 B - a beef jerky


   Skills:
 - Level 2.4 Fighting
 + Level 7.3 Long Blades
 - Level 2.0 Throwing
 - Level 3.2 Dodging


You had 4 spell levels left.
You didn't know any spells.

Dungeon Overview and Level Annotations

Branches:
Dungeon (3/15)

Altars:
Gozag

Annotations:
D:3 Sigmund


Innate Abilities, Weirdness & Mutations

You reflexively headbutt those who attack you in melee.
You have a pair of horns on your head.


Message History

You resist with almost no effort.
You bump into the rock wall.
Sigmund hits you but does no damage.
You writhe in agony.
* * * LOW HITPOINT WARNING * * *
You bump into the rock wall.
Sigmund barely misses you.
You bump into the rock wall.
You bump into the rock wall.
Sigmund hits you from afar with a scythe of pain.
Sigmund barely misses you.
You miss Sigmund. Your headbutt misses Sigmund.
Sigmund is severely wounded.
You hit Sigmund.
Sigmund is almost dead.
You feel less invigorated.
Sigmund gestures wildly while chanting.
Sigmund flickers and vanishes!
Deactivating autopickup; reactivate with Ctrl-A.
You barely miss something. You headbutt something. Something hits you!
Something hits you!
You die...

... ##.####
≈... #@.{s#
≈≈...####.#
.≈≈.....#.#
o≈≈.......#
.≈≈..s..#.#
####
≈≈...####.#
...# ≈...
..# #.###
... .##
..#.# .. .
###.#### .
.# .#.....#
#.######
##.....#
##.....#
.......#
##.....#


You could see a giant cockroach.

Vanquished Creatures
  An orc wizard (D:3)
  An orc priest (D:3)
  Ijyb (D:2)
  5 adders
  2 leopard geckos
  6 orcs (D:3)
  8 bats
  A giant cockroach (D:2)
  7 goblins
  3 hobgoblins
  A quokka (D:3)
  A ball python (D:3)
  2 frilled lizards
  8 kobolds
  6 rats
53 creatures vanquished.

Notes
Turn   | Place    | Note
-------+----------+-------------------------------------------
     0 | D:1      | ImaNewbie the Minotaur Gladiator began the quest for the Orb.
     0 | D:1      | Reached XP level 1. HP: 18/18 MP: 0/0
    86 | D:1      | Reached skill level 4 in Long Blades
   145 | D:1      | Reached XP level 2. HP: 25/25 MP: 1/1
   822 | D:2      | Noticed Ijyb
   835 | D:2      | Killed Ijyb
   835 | D:2      | Reached skill level 5 in Long Blades
   835 | D:2      | Reached XP level 3. HP: 24/30 MP: 2/2
   877 | D:2      | Found an opulent altar of Gozag.
  1058 | D:2      | Reached XP level 4. HP: 37/37 MP: 3/3
  1069 | D:2      | Reached skill level 6 in Long Blades
  1407 | D:3      | Reached skill level 7 in Long Blades
  1407 | D:3      | Reached XP level 5. HP: 33/42 MP: 4/4
  1755 | D:3      | Noticed Sigmund
  1780 | D:3      | Slain by Sigmund

Skill      XL: |  1  2  3  4 |
---------------+-------------+-----
Long Blades    | 4 5 7 |  7.3
Fighting       | |  2.4
Throwing       | |  2.0
Dodging        | |  3.2

Action                   |  1- 3 |  4- 6 || total
-------------------------+-------+-------++-------
Melee: Long sword        |    58 |    64 ||   122
       Headbutt          |     6 |    12 ||    18
  Use: Potion            |       |     2 ||     2
  Eat: Chunk             |       |     3 ||     3
Armor: Leather armour    |     5 |       ||     5
       Ring mail         |    14 |    29 ||    43
Dodge: Dodged            |    50 |    44 ||    94
       Rpst.: Long sword |    15 |    12 ||    27
